 Dungeon Crawl Stone Soup version 0.28-a0-535-g6f645e4c1d (webtiles) character file.

Game seed: 18013468734482453443

35 tilp the Chopper (level 3, 0/31 (33) HPs)
             Began as a Hill Orc Cinder Acolyte on Sept 26, 2021.
             Was a High Priest of Ignis.
             Slain by a gnoll (8 damage)
             ... on level 2 of the Dungeon.
             The game lasted 00:03:31 (1108 turns).

tilp the Chopper (Hill Orc Cinder Acolyte)          Turns: 1108, Time: 00:03:32

HP:   0/31 (33)     AC:  3    Str: 17    XL:     3   Next: 35%
MP:   1/4           EV: 11    Int: 14    God:    Ignis [*****.]
Gold: 1071          SH:  0    Dex:  6    Spells: 2/4 levels left

rFire   + . .      SeeInvis .   a - -1 hand axe (flame)
rCold   . . .      Faith    .   (no shield)
rNeg    . . .      Spirit   .   b - +1 robe
rPois   .          Reflect  .   (no helmet)
rElec   .          Harm     .   (no cloak)
rCorr   .          Rampage  .   (no gloves)
Will    .....                   (no boots)
Stlth   +.........              (no amulet)
HPRegen 0.10/turn               (no ring)
MPRegen 0.09/turn               (no ring)

@: drained
A: no striking features
a: Renounce Religion, Sea of Fire, Foxfire Swarm, Rising Flame


You were on level 2 of the Dungeon.
You worshipped Ignis.
Ignis was extremely pleased with you.
You visited 1 branch of the dungeon, and saw 2 of its levels.

You collected 1071 gold pieces.

Inventory:

Hand Weapons
 a - a -1 hand axe of flaming (weapon)
Armour
 b - a +1 robe (worn)
 c - a +0 kite shield
 d - a +0 chain mail
Scrolls
 e - 2 scrolls of identify


   Skills:
 - Level 4.0 Fighting
 + Level 4.8 Axes
 - Level 1.0 Spellcasting
 - Level 4.0 Fire Magic


You had 2 spell levels left.
You knew the following spells:

 Your Spells              Type           Power      Damage    Failure   Level
a - Scorch                Fire           22%        2d6       8%          2

Your spell library contained the following spells:

 Spells                   Type           Power      Damage    Failure   Level


Dungeon Overview and Level Annotations

Branches:
Dungeon (2/15)

Altars:

Annotations:
D:1 lava vault


Message History

Unknown command.
Casting: Scorch (safe; 8% risk of failure)
Confirm with . or Enter, or press ? or * to list all spells.
Flames lash the gnoll.
The gnoll is heavily wounded.
The gnoll's fire resistance burns away.
Unknown command.
Casting: Scorch (safe; 8% risk of failure)
Confirm with . or Enter, or press ? or * to list all spells.
You don't have enough magic to cast this spell.
Unknown command.
You closely miss the gnoll.
The gnoll is heavily wounded.
The gnoll is no longer more vulnerable to fire.
The gnoll barely misses you.
Your magical contamination has completely faded away.
You hit the gnoll but do no damage.
The gnoll is heavily wounded.
The gnoll barely misses you.
You hit the gnoll. You burn the gnoll.
The gnoll is almost dead.
The gnoll barely misses you.
You hit the gnoll. You burn the gnoll.
You kill the gnoll!
You barely miss the gnoll.
The gnoll hits you with a +4 whip of draining.
You feel drained.
The gnoll hits you from afar with a +0 spear.
You hit the gnoll. You burn the gnoll.
The gnoll is heavily wounded.
The gnoll closely misses you.
The gnoll hits you from afar with a +0 spear.
You hit the gnoll. You burn the gnoll.
The gnoll is severely wounded.
The gnoll hits you with a +4 whip of draining!
* * * LOW HITPOINT WARNING * * *
You feel drained.
* * * LOW HITPOINT WARNING * * *
The gnoll hits you from afar with a +0 spear!
You die...

########..
#.@gg.....
##☼#######.
#..# #.##
#.# #○# #[#
#.# #.#


You could see 2 gnolls.

Vanquished Creatures
  A gnoll (D:2)
  2 ball pythons (D:1)
  An endoplasm (D:1)
  A giant cockroach (D:1)
  2 hobgoblins
  7 jackals (D:1)
  A kobold (D:1)
  3 quokkas (D:1)
  2 frilled lizards (D:1)
  2 rats
22 creatures vanquished.

Vanquished Creatures (others)
  11 foxfires (D:1)
11 creatures vanquished.

Grand Total: 33 creatures vanquished

Notes
Turn   | Place    | Note
-------+----------+-------------------------------------------
     0 | D:1      | tilp the Hill Orc Cinder Acolyte began the quest for the
                  | Orb.
     0 | D:1      | Reached XP level 1. HP: 19/19 MP: 2/2
    60 | D:1      | Identified a scroll of acquirement
    60 | D:1      | Acquired 1028 gold pieces
   226 | D:1      | Reached XP level 2. HP: 15/26 MP: 3/3
   547 | D:1      | Learned a level 2 spell: Scorch
   821 | D:1      | Reached XP level 3. HP: 19/33 MP: 1/4
  1108 | D:2      | Slain by a gnoll

Illustrated notes

Levels and vault maps discovered:
D:1:      grunt_arrival_lava_bath, layout_basic, dk_noncrumbling_3,
          nrook_mini_backslash
D:2:      layout_loops_cross, serial_shops, shop,
          dreamdust_ecumenical_altar_angels_and_demons, uniq_jessica

Skill      XL: |  1  2 |
---------------+-------+-----
Fire Magic     | 4 |  4.0
Fighting       | 4 |  4.0
Axes           | |  4.8
Spellcasting   | |  1.0

Action                   || total
-------------------------++-------
Melee: Hand axe          ||    57
 Cast: Scorch            ||     3
Invok: Foxfire Swarm     ||     1
       Sea of Fire       ||     1
  Use: Scroll            ||     4
Armor: Robe              ||    17
Dodge: Dodged            ||    50

Table legend: (Time is in decaauts)
 A = Elapsed time spent in this place.
 B = Non-inter-level travel time spent in this place.
 C = Inter-level travel time spent in this place.
 D = Time resting spent in this place.
 E = Time spent auto-exploring this place.
 F = Levels seen in this place.
 G = Mean time per level.
                   A        B        C        D        E       F      G
               +--------+--------+--------+--------+--------+-----+--------+
         Total |   1113 |   1078 |     35 |      0 |    939 |   2 |  556.5 |
       Dungeon |   1113 |   1078 |     35 |      0 |    939 |   2 |  556.5 |
               +--------+--------+--------+--------+--------+-----+--------+

Top non-repeatable levels by time:
     D:1: 1036 daAuts
     D:2: 76 daAuts
